 Dungeon Crawl Stone Soup version 0.31-a0-177-g4aa6249778 (webtiles) character file.

Game seed: 15100372702060598096

65 qw the Shooter (level 4, -1/39 HPs)
             Began as a Naga Hunter on June 18, 2023.
             Slain by a gnoll
             ... wielding a +1 vampiric spear
              (9 damage)
             ... on level 2 of the Dungeon.
             The game lasted 00:00:21 (1091 turns).

qw the Shooter (Naga Hunter)                        Turns: 1091, Time: 00:00:22

Health: -1/39      AC:  2    Str: 13    XL:     4   Next: 13%
Magic:  4/4        EV:  9    Int:  9    God:
Gold:   78         SH:  0    Dex: 17    Spells: 3/3 levels left

rFire   . . .        Y - +0 shortbow
rCold   . . .        (shield currently unavailable)
rNeg    . . .        c - +0 leather armour
rPois   +            (no helmet)
rElec   .            (no cloak)
rCorr   .            (no gloves)
SInv    +            (no barding)
Will    .....        (no amulet)
Stlth   ++           (no ring)
HPRegen 0.26/turn    (no ring)
MPRegen 0.09/turn

%: no passive effects
@: short of breath, very slow
A: AC +1, large, see invisible, deformed body, poison resistance, slowness 2,
spit poison 1, naga tail 1
a: Spit Poison


You were on level 2 of the Dungeon.
You visited 1 branch of the dungeon, and saw 2 of its levels.

You collected 78 gold pieces.


Innate Abilities, Weirdness & Mutations

Your serpentine skin is tough. (AC +1)
You have supernaturally acute eyesight. (SInv)
Armour fits poorly on your strangely shaped body.
Your system is resistant to poisons. (rPois)
You cover ground very slowly.
You can spit poison.
You have a snake-like lower body.


   Skills:
 + Level 2.0 Fighting
 - Level 5.1 Ranged Weapons
 - Level 1.5 Dodging
 - Level 1.5 Stealth


You had 3 spell levels left.
You didn't know any spells.
Your spell library was empty.

Inventory:

Hand Weapons
 Y - a +0 shortbow (weapon)
Armour
 c - a +0 leather armour (worn)
 j - a +0 helmet
Jewellery
 a - an amulet of regeneration
 g - a ring of fire
Scrolls
 e - a scroll of identify {unknown}
 h - a scroll of poison {unknown}
 i - a scroll of fear {unknown}
Potions
 b - a potion of berserk rage {unknown}
 d - a potion of heal wounds {unknown}
 f - a potion of degeneration {unknown}
 k - a potion of magic {unknown}

Dungeon Overview and Level Annotations

Branches:
Dungeon (2/15)

Altars:


Message History

Press: ? - help, Shift-Dir - straight line, f - gnoll The splash of poison hits the gnoll!
The gnoll is poisoned.
The gnoll is severely wounded.
You shoot an arrow. The arrow barely misses the gnoll.
The arrow hits the gnoll.
The gnoll is moderately wounded.
You shoot an arrow.
The arrow hits the gnoll but does no damage.
The gnoll is almost dead.
You shoot an arrow. The arrow closely misses the gnoll.
The gnoll shouts!
The gnoll hits you from afar with a +0 halberd!
You shoot an arrow. The arrow hits the gnoll.
You kill the gnoll!
Your Ranged Weapons skill increases to level 5!
You have reached level 4!
You feel agile.
You shoot an arrow. The arrow hits the gnoll.
The gnoll is heavily wounded.
You have got your breath back.
The gnoll closely misses you.
1088 ||| INVOKING Spit Poison.
Aiming: Spit Poison (1% risk of failure)
Press: ? - help, Shift-Dir - straight line, f/p - gnoll The splash of poison misses the gnoll.
The gnoll hits you from afar with a +0 halberd!
You shoot an arrow. The arrow barely misses the gnoll.
The gnoll closely misses you.
You shoot an arrow. The arrow hits the gnoll.
The gnoll is severely wounded.
You have got your breath back.
The gnoll hits you from afar with a +1 vampiric spear.
The gnoll barely misses you.
The gnoll hits you from afar with a +1 vampiric spear.
The gnoll barely misses you.
1091 ||| INVOKING Spit Poison.
Aiming: Spit Poison (1% risk of failure)
Press: ? - help, Shift-Dir - straight line, f/p - gnoll The splash of poison hits the gnoll.
The gnoll is poisoned.
The gnoll is almost dead.
The gnoll hits you from afar with a +1 vampiric spear!
You die...

#.# ........##.##.#.## #.#
#.....##.#......#.#... #.#
............#..#..... #.#
#..........##..#.#### ####.#
#..........+...#.#... #....#
#..........##.####.##
#....####.)gg......##........
#....'..+..........#######...
#....####...@......# ####
#.....# #..........###
#.....# #####.........
#.....# #....)....
#.....##### ##........
#.###.....# #........
#......##+####........
######.......'........
#.......#........


You could see 2 gnolls.

Vanquished Creatures
  A gnoll (D:2)
  2 adders (D:2)
  A dart slug (D:1)
  6 bats
  6 endoplasms
  3 goblins
  5 hobgoblins
  2 quokkas (D:1)
  2 frilled lizards (D:1)
  2 kobolds
  2 rats
32 creatures vanquished.

Notes
Turn   | Place    | Note
-------+----------+-------------------------------------------
     0 | D:1      | qw the Naga Hunter began the quest for the Orb.
     0 | D:1      | Reached XP level 1. HP: 19/19 MP: 1/1
     0 | D:1      | 0 ||| qw: Version: 0.3-a-7-ge0c9b40
     0 | D:1      | 0 ||| qw: Game counter: 826
     0 | D:1      | 0 ||| qw: Always use a shield: true
     0 | D:1      | 0 ||| qw: God list: Okawaru
     0 | D:1      | 0 ||| qw: Allow faded altars: false
     0 | D:1      | 0 ||| qw: Do Orc after D:15 true
     0 | D:1      | 0 ||| qw: Do second Lair branch before Depths: true
     0 | D:1      | 0 ||| qw: Lair rune preference: random
     0 | D:1      | 0 ||| qw: Plans: Normal
     0 | D:1      | 0 ||| PLANNING D:1-11
    55 | D:1      | 55 ||| INVOKING Spit Poison.
    67 | D:1      | 67 ||| INVOKING Spit Poison.
    72 | D:1      | 72 ||| INVOKING Spit Poison.
    77 | D:1      | 77 ||| INVOKING Spit Poison.
    81 | D:1      | 81 ||| INVOKING Spit Poison.
    83 | D:1      | Reached skill level 4 in Ranged Weapons
    83 | D:1      | Reached XP level 2. HP: 22/26 MP: 2/2
   130 | D:1      | 130 ||| INVOKING Spit Poison.
   139 | D:1      | 139 ||| INVOKING Spit Poison.
   150 | D:1      | 150 ||| INVOKING Spit Poison.
   170 | D:1      | 170 ||| INVOKING Spit Poison.
   201 | D:1      | 201 ||| INVOKING Spit Poison.
   218 | D:1      | 218 ||| INVOKING Spit Poison.
   331 | D:1      | 331 ||| INVOKING Spit Poison.
   356 | D:1      | 356 ||| INVOKING Spit Poison.
   444 | D:1      | 444 ||| INVOKING Spit Poison.
   457 | D:1      | 457 ||| READING scroll labelled HYBLO NANO.
   462 | D:1      | 462 ||| READING scroll labelled ZOOT HIELAXI.
   463 | D:1      | 463 ||| READING scroll labelled YBAB ANWIE.
   464 | D:1      | 464 ||| DROPPING scroll of butterflies.
   495 | D:2      | 495 ||| INVOKING Spit Poison.
   499 | D:2      | Reached XP level 3. HP: 32/32 MP: 3/3
   508 | D:2      | 508 ||| INVOKING Spit Poison.
   513 | D:2      | 513 ||| INVOKING Spit Poison.
   563 | D:2      | 563 ||| INVOKING Spit Poison.
   567 | D:2      | 567 ||| INVOKING Spit Poison.
  1059 | D:2      | 1059 ||| INVOKING Spit Poison.
  1068 | D:2      | 1068 ||| INVOKING Spit Poison.
  1072 | D:2      | 1072 ||| INVOKING Spit Poison.
  1082 | D:2      | 1082 ||| INVOKING Spit Poison.
  1087 | D:2      | Reached skill level 5 in Ranged Weapons
  1087 | D:2      | Reached XP level 4. HP: 25/39 MP: 4/4
  1088 | D:2      | 1088 ||| INVOKING Spit Poison.
  1090 | D:2      | HP: 8/39 [gnoll/+1 vampiric spear (2)]
  1091 | D:2      | 1091 ||| INVOKING Spit Poison.
  1091 | D:2      | Slain by a gnoll

Levels and vault maps discovered:
D:1:      spicycebolla_arrival_clurvy, layout_basic
D:2:      layout_basic, minmay_tromino_v7

Skill      XL: |  1  2  3 |
---------------+----------+-----
Ranged Weapons | 4 5 |  5.1
Fighting       | |  2.0
Dodging        | |  1.5
Stealth        | |  1.5

Action                     |  1- 3 |  4- 6 || total
---------------------------+-------+-------++-------
   Fire: Shortbow          |    44 |     3 ||    47
Ability: Spit Poison       |    23 |     2 ||    25
    Use: Scroll            |     3 |       ||     3
 Armour: Leather armour    |     6 |       ||     6
  Dodge: Dodged            |     5 |     4 ||     9

Table legend:
 A = Non-vault XP
 B = Vault XP
 C = Vault XP percentage of total XP
 D = Non-vault monster count
 E = Vault monster count
 F = Vault count percentage of total count
                 A         B        C        D         E       F
            +---------+---------+-------+---------+---------+-------
      Total |      78 |      15 |  16.1 |      30 |       2 |   6.2
            +---------+---------+-------+---------+---------+-------
        D:1 |      28 |       0 |   0.0 |      16 |       0 |   0.0
        D:2 |      50 |      15 |  23.1 |      14 |       2 |  12.5
            +---------+---------+-------+---------+---------+-------
